 Dungeon Crawl Stone Soup version 0.31-a0-360-gb3e1d13bf4 (webtiles) character file.

Game seed: 7193685666393995088

6857 bmack86 the Severer (level 10, -1/77 HPs)
             Began as a Minotaur Fighter on July 27, 2023.
             Was a High Priest of Okawaru.
             Slain by an orc warrior
             ... wielding a +0 halberd
              (4 damage)
             ... on level 10 of the Dungeon.
             The game lasted 00:20:52 (7880 turns).

bmack86 the Severer (Minotaur Fighter)              Turns: 7880, Time: 00:20:53

Health: -1/77      AC: 31    Str: 24    XL:     10   Next: 78%
Magic:  15/15      EV: 10    Int:  5    God:    Okawaru [*****.]
Gold:   454        SH:  5    Dex: 17    Spells: 9/9 levels left

rFire   . . .        a - +0 war axe (protect)
rCold   . . .        c - +0 buckler
rNeg    . . .        w - +6 ring mail of True Grit {rElec SInv}
rPois   +            (helmet restricted)
rElec   +            r - +2 cloak
rCorr   .            y - +2 pair of gloves
SInv    +            N - +1 pair of boots {rampage}
Will    .....        L - amulet of regeneration
Stlth   +            B - ring "Urisab" {rPois Dex+6}
HPRegen 1.12/turn    E - +4 ring of protection
MPRegen 0.14/turn

%: rampage
@: under a protective aura
A: horns 2, retaliatory headbutt
a: Renounce Religion, Heroism, Finesse, Duel


You were on level 10 of the Dungeon.
You worshipped Okawaru.
Okawaru was extremely pleased with you.
You visited 2 branches of the dungeon, and saw 11 of its levels.

You collected 694 gold pieces.
You spent 240 gold pieces at shops.

Inventory:

Hand Weapons
 a - a +0 war axe of protection (weapon)
Missiles
 q - 2 throwing nets
Armour
 b - a +0 scale mail
 c - a +0 buckler (worn)
 h - +0 acid dragon scales
 n - a +0 chain mail
 r - a +2 cloak (worn)
 u - a +2 pair of boots
 w - the +6 ring mail of True Grit (worn) {rElec SInv}
   (You found it on level 5 of the Dungeon)

   rElec:     It insulates you from electricity.
   SInv:      It lets you see invisible.
 y - a +2 pair of gloves (worn)
 N - a +1 pair of boots of rampaging (worn)
Jewellery
 e - an amulet of guardian spirit
 o - a ring of fire
 B - the ring "Urisab" (left hand) {rPois Dex+6}
   (You bought it in a shop on level 6 of the Dungeon)

   [ring of dexterity]

   Dex:       It affects your dexterity (+6).
   rPois:     It protects you from poison.
 E - a +4 ring of protection (right hand)
 G - an amulet of faith
 H - a ring of see invisible
 L - an amulet of regeneration (around neck)
Wands
 x - a wand of polymorph (6)
 I - a wand of digging (3)
 J - a wand of roots (7)
Scrolls
 f - 3 scrolls of fear
 g - 3 scrolls of noise
 i - 4 scrolls of teleportation
 j - 3 scrolls of fog
 k - 2 scrolls of revelation
 m - 3 scrolls of blinking
 t - 3 scrolls of amnesia {unknown}
 D - 2 scrolls of enchant weapon {unknown}
Potions
 d - 2 potions of might
 l - 4 potions of heal wounds {unknown}
 p - 2 potions of brilliance {unknown}
 s - a potion of berserk rage {unknown}
 v - 3 potions of attraction {unknown}
 z - a potion of magic {unknown}
 A - a potion of enlightenment {unknown}
 C - 3 potions of curing {unknown}
 F - a potion of degeneration {unknown}
 K - 2 potions of lignification {unknown}


   Skills:
 - Level 3.6 Fighting
 * Level 17.0 Axes
 - Level 3.6 Armour
 - Level 3.6 Shields
 - Level 8.0 Invocations


You had 9 spell levels left.
You didn't know any spells.
Your spell library contained the following spells:

 Spells                   Type           Power      Damage    Failure   Level
 Apportation              Tloc           0%         N/A       69%         1
 Magic Dart               Conj           0%         1d3       69%         1
 Necrotise                Necr           0%         1d4       69%         1
 Lesser Beckoning         Tloc           0%         N/A       83%         2
 Gell's Gravitas          Tloc           0%         N/A       96%         3
 Mephitic Cloud           Conj/Pois/Air  0%         N/A       96%         3
 Teleport Other           Tloc           0%         N/A       96%         3
 Vampiric Draining        Necr           0%         2d6       96%         3
 Vhi's Electric Charge    Tloc/Air       0%         N/A       96%         3
 Volatile Blastmotes      Fire/Tloc      0%         2d10      96%         3
 Fulminant Prism          Conj/Hex       0%         3d5       100%        4
 Iskenderun's Mystic Bla  Conj/Tloc      0%         2d3       100%        4
 Agony                    Necr           0%         N/A       100%        5
 Alistair's Intoxication  Tmut/Pois      0%         N/A       100%        5
 Arcjolt                  Conj/Air       0%         1d10      100%        5
 Plasma Beam              Fire/Air       0%         2x1d10    100%        6
 Maxwell's Capacitive Co  Air            0%         ∞         100%        8
 Call Imp                 Summ           Unusable   N/A       N/A         2

Dungeon Overview and Level Annotations

Branches:
Dungeon (10/15)            Temple (1/1) D:4
   Lair: D:8-11         Orc: D:9-12

Altars:
Ashenzari
Cheibriados
Dithmenos
Elyvilon
Fedhas
Gozag
Hepliaklqana
Kikubaaqudgha
Makhleb
Nemelex Xobeh
Okawaru
Qazlal
Ru
Sif Muna
Trog
Uskayaw
Vehumet
Wu Jian
Xom
Yredelemnul
Zin
The Shining One

Shops:
D:6 *   D:9 (


Innate Abilities, Weirdness & Mutations

You have a pair of horns on your head.
You reflexively headbutt those who attack you in melee.


Message History

You slice the orc!!
You kill the orc!
Okawaru accepts your kill.
You slash the orc warrior!
You hit the orc warrior but do no damage.
The orc warrior hits you but does no damage. x3
Unknown command.
The orc warrior attacks as you move away!
The orc warrior closely misses you.
The orc warrior hits you but does no damage.
You block the orc warrior's attack.
Things that are here:
a +0 hand axe; 4 stones; a +0 leather armour You rampage towards the orc warrior!
You barely miss the orc warrior. x2
You block the orc warrior's attack.
The orc warrior hits you with a +2 glaive of flaming.
* * * LOW HITPOINT WARNING * * *
The orc warrior burns you.
* * * LOW HITPOINT WARNING * * *
The orc warrior hits you but does no damage.
You hit the orc warrior.
The orc warrior is lightly wounded.
You barely miss the orc warrior.
The orc warrior hits you but does no damage.
The orc warrior completely misses you. The orc warrior closely misses you.
Unknown command.
You hit the orc warrior. You headbutt the orc warrior.
The orc warrior is moderately wounded.
You hit the orc warrior but do no damage.
Unknown command.
You closely miss the orc warrior.
The orc warrior is moderately wounded.
You hit the orc warrior but do no damage.
You block the orc warrior's attack.
The orc warrior hits you with a +2 glaive of flaming!
* * * LOW HITPOINT WARNING * * *
The orc warrior burns you.
* * * LOW HITPOINT WARNING * * *
The orc warrior hits you from afar with a +0 halberd.
You die...

#.........#
#.#....# #..
######...##
#.#....# #..
#.#.#####.#....#
#..
#.#.......#....#
###
###########....# 8
##8###8## #....#
..#...#..)###.####
.......o))....#
.......@))).###
.......)o..##
..#...#..o##
##8###.## ## ###


You could see 3 orc warriors.

Vanquished Creatures
  Erica (D:9)
  A two-headed ogre (D:10)
  Pikel (D:5)
  Maggie (D:10)
  2 trolls
  Grinder (D:6)
  A wraith (D:6)
  A wyvern (D:9)
  4 vampire mosquitoes (D:10)
  3 steam dragons
  A water moccasin (D:8)
  5 orc warriors
  A black bear (D:5)
  2 ogres
  A phantom (D:4)
  A centaur (D:8)
  2 kobold brigands (D:7)
  A bullfrog (D:7)
  A gnoll sergeant (D:10)
  3 scorpions
  5 wights (D:6)
  4 killer bees (D:10)
  The ghost of AwFulAwFulPlayer the Trooper, a weakling DsCK of Xom (D:3)
  2 howler monkeys
  A crimson imp (D:6)
  2 jellies (D:5)
  9 orc priests
  2 hounds
  A sleepcap (D:7)
  Jessica (D:2)
  Ijyb (D:5)
  Terence (D:2)
  5 iguanas
  10 orc wizards
  10 gnolls
  4 adders
  4 shadow imps
  A white imp (D:6)
  2 ufetubi (D:5)
  2 worms
  2 dart slugs
  55 orcs
  6 endoplasms
  2 giant cockroaches
  8 goblins
  8 hobgoblins
  3 jackals (D:2)
  15 kobolds
  2 quokkas (D:2)
  7 ball pythons
  5 bats
  A frilled lizard (D:3)
  7 rats (D:1)
223 creatures vanquished.

Vanquished Creatures (others)
  A kobold (D:7)
1 creature vanquished.

Grand Total: 224 creatures vanquished

Notes
Turn   | Place    | Note
-------+----------+-------------------------------------------
     0 | D:1      | bmack86 the Minotaur Fighter began the quest for the Orb.
     0 | D:1      | Reached XP level 1. HP: 19/19 MP: 0/0
   110 | D:1      | Reached skill level 3 in Axes
   140 | D:1      | Reached XP level 2. HP: 19/26 MP: 1/1
   246 | D:1      | Found a faded altar of an unknown god.
   288 | D:1      | Reached skill level 4 in Axes
   653 | D:2      | Noticed Jessica
   664 | D:2      | Killed Jessica
   665 | D:2      | Reached XP level 3. HP: 17/31 MP: 2/2
   666 | D:2      | Reached skill level 5 in Axes
   881 | D:2      | Noticed Terence
   884 | D:2      | Killed Terence
   885 | D:2      | Reached XP level 4. HP: 39/39 MP: 3/3
  1394 | D:3      | Found an iron altar of Okawaru.
  1400 | D:3      | Found a radiant altar of Vehumet.
  1408 | D:3      | Became a worshipper of Warmaster Okawaru
  1419 | D:3      | Reached skill level 6 in Axes
  1419 | D:3      | Reached XP level 5. HP: 19/45 MP: 0/4
  1577 | D:3      | Reached skill level 1 in Invocations
  1848 | D:3      | Noticed AwFulAwFulPlayer's ghost (weakling DsCK)
  1852 | D:3      | Found a runed translucent door.
  1866 | D:3      | Reached skill level 7 in Axes
  1907 | D:3      | Found a white marble altar of Elyvilon.
  1950 | D:3      | Killed AwFulAwFulPlayer's ghost
  1950 | D:3      | Reached * piety under Okawaru
  1951 | D:3      | Reached XP level 6. HP: 48/51 MP: 6/6
  2255 | D:4      | Reached skill level 8 in Axes
  2276 | D:4      | Found a staircase to the Ecumenical Temple.
  2293 | Temple   | Entered the Ecumenical Temple
  2358 | D:4      | Reached XP level 7. HP: 15/57 MP: 3/8
  2921 | D:5      | Entered Level 5 of the Dungeon
  2964 | D:5      | Identified the +6 ring mail of True Grit {rElec SInv}
  3030 | D:5      | Noticed Ijyb
  3036 | D:5      | Reached ** piety under Okawaru
  3041 | D:5      | Reached skill level 9 in Axes
  3047 | D:5      | Killed Ijyb
  3260 | D:5      | Noticed Pikel
  3267 | D:5      | Killed Pikel
  3268 | D:5      | Reached skill level 10 in Axes
  3268 | D:5      | Reached skill level 5 in Invocations
  3268 | D:5      | Reached XP level 8. HP: 52/64 MP: 8/10
  3576 | D:5      | Found a shadowy altar of Dithmenos.
  3635 | D:5      | Reached skill level 11 in Axes
  3848 | D:5      | Found an ornate altar of the Wu Jian Council.
  3997 | D:6      | Reached *** piety under Okawaru
  4068 | D:6      | Noticed Grinder
  4080 | D:6      | Killed Grinder
  4081 | D:6      | Reached skill level 12 in Axes
  4081 | D:6      | Reached XP level 9. HP: 20/70 MP: 3/12
  4507 | D:6      | Found an ancient bone altar of Kikubaaqudgha.
  4620 | D:6      | Found Tusen's Assorted Antiques.
  4625 | D:6      | Bought a twitching ivory ring for 135 gold pieces
  4625 | D:6      | Identified the ring "Urisab" {rPois Dex+6} (You bought it
                  | in a shop on level 6 of the Dungeon)
  4625 | D:6      | Bought a scroll labelled WIBESA OCHIQYMU for 27 gold pieces
  4625 | D:6      | Bought a scroll labelled XINIOSIEDU for 27 gold pieces
  4625 | D:6      | Bought an emerald potion for 24 gold pieces
  4625 | D:6      | Bought a scroll labelled QENOUH BIGU for 27 gold pieces
  4684 | D:6      | Found a shimmering altar of Xom.
  4684 | D:6      | Found a burning altar of Makhleb.
  5125 | D:7      | Reached skill level 13 in Axes
  5132 | D:7      | Reached **** piety under Okawaru
  5661 | D:8      | Noticed a troll
  5678 | D:8      | Killed a troll
  5754 | D:8      | Found a hazy altar of Hepliaklqana.
  5855 | D:8      | Reached skill level 14 in Axes
  6521 | D:9      | Reached XP level 10. HP: 77/77 MP: 14/14
  6574 | D:9      | Noticed Erica
  6580 | D:9      | Killed Erica
  6581 | D:9      | Reached skill level 15 in Axes
  6707 | D:9      | Found Agufial's Weapon Shoppe.
  7269 | D:10     | Entered Level 10 of the Dungeon
  7387 | D:10     | Found a bloodstained altar of Trog.
  7499 | D:10     | Noticed Maggie
  7513 | D:10     | Killed Maggie
  7545 | D:10     | Reached skill level 16 in Axes
  7619 | D:10     | Noticed a two-headed ogre
  7626 | D:10     | Killed a two-headed ogre
  7626 | D:10     | Reached ***** piety under Okawaru
  7868 | D:10     | Reached skill level 17 in Axes
  7880 | D:10     | HP: 3/77 [orc warrior/+2 glaive of flaming (4)]
  7880 | D:10     | Slain by an orc warrior

Illustrated notes

Levels and vault maps discovered:
D:1:      dpeg_arrival_arbitrary_b, layout_rooms, ebering_ecumenical_altar_box
D:2:      layout_loops_corners, kennysheep_generic_room_12, uniq_terence,
          uniq_jessica
D:3:      layout_basic, elyvilon_altar_5,
          chequers_temple_overflow_statue_of_worship,
          hellmonk_ghost_happy_afterlife
D:4:      layout_cave_pools, minmay_temple_entry_junction
D:5:      layout_basic, nzn_wu_jian_council_hall, grunt_dithmenos_shadows,
          grunt_ministairs_1, chequers_mini_garden, uniq_pikel, uniq_ijyb
D:6:      layout_cave_pods, grunt_temple_overflow_champion_of_chaos,
          lemuel_crystal_altar, serial_shops, shop,
          chequers_serial_rivers_large_a, uniq_grinder
D:7:      layout_cave_pools, chequers_serial_rivers_marsh
D:8:      layout_loops_ring, mainiacjoe_overflow_24_doors,
          dreamdust_deal_with_the_devil, grunt_ministairs_5
D:9:      layout_irregular_city, serial_shops, shop_fountains, uniq_erica
D:10:     layout_basic, trog_hazing_becter, david_orc_4, uniq_maggie
Temple:   nicolae_temple_ecumenical_triangle

Skill      XL: |  1  2  3  4  5  6  7  8  9 10 |
---------------+-------------------------------+-----
Axes           | 3 4 5 6 7 8 10 12 14 17 | 17.0
Invocations    | 2 3 5 6 7 8 |  8.0
Fighting       | |  3.6
Armour         | |  3.6
Shields        | |  3.6

Action                     |  1- 3 |  4- 6 |  7- 9 | 10-12 || total
---------------------------+-------+-------+-------+-------++-------
  Melee: War axe           |    58 |   110 |   228 |   115 ||   511
         Headbutt          |     9 |    10 |    45 |    26 ||    90
         Unarmed           |       |       |     3 |       ||     3
 Invoke: Heroism           |       |       |     3 |     1 ||     4
         Finesse           |       |       |       |     1 ||     1
    Use: Potion            |       |     1 |       |       ||     1
         Scroll            |       |       |    10 |     2 ||    12
 Armour: Scale mail        |    13 |       |       |       ||    13
         Acid dragon scale |    16 |    23 |       |       ||    39
         Chain mail        |       |    29 |    13 |       ||    42
         Ring mail         |       |       |   130 |    86 ||   216
  Dodge: Dodged            |    31 |    57 |   115 |    58 ||   261
  Block: Buckler           |     8 |    24 |    78 |    38 ||   148

Table legend: (Time is in decaauts)
 A = Elapsed time spent in this place.
 B = Non-inter-level travel time spent in this place.
 C = Inter-level travel time spent in this place.
 D = Time resting spent in this place.
 E = Time spent auto-exploring this place.
 F = Levels seen in this place.
 G = Mean time per level.
                   A        B        C        D        E       F      G
               +--------+--------+--------+--------+--------+-----+--------+
         Total |   7870 |   7653 |    217 |    558 |   5120 |  11 |  715.5 |
       Dungeon |   7868 |   7651 |    217 |    558 |   5120 |  10 |  786.8 |
        Temple |      1 |      1 |      0 |      0 |      0 |   1 |    1.0 |
               +--------+--------+--------+--------+--------+-----+--------+

Top non-repeatable levels by time:
     D:6: 1074 daAuts
     D:5: 1068 daAuts
     D:2: 877 daAuts
     D:3: 856 daAuts
     D:8: 848 daAuts
     D:9: 753 daAuts
     D:4: 705 daAuts
    D:10: 587 daAuts
     D:7: 573 daAuts
     D:1: 523 daAuts
  Temple: 1 daAuts
